Map: 드림캐처 - 래더

Players

Bunny - Winner!

  • Race: Terran Terran
  • League: Diamond
  • Spawn Location: 11:00

Trap

  • Race: Protoss Protoss
  • League: Master
  • Spawn Location: 5:00

Event: HomeStory Cup XVIII

VOD

Have the link to the VOD?

Description

Time

  • Played on: Nov. 23, 2018, 12:57 p.m.
  • Length: 15:05

All games in this series

Show
View Real Time Build Order
Export as new Build Order

Bunny Terran - Winner!

Build Orders: Reaper Expand 

Get SALT Encoding   

  12  0:00  SCV  
  13  0:12  SCV  
  14  0:17  Supply Depot  
  14  0:25  SCV  
  15  0:38  SCV  
  15  0:40  Barracks  
  16  0:42  Refinery  
  16  0:51  SCV  
  17  1:03  SCV  
  18  1:15  SCV  
  19  1:27  Reaper, Orbital Command  
  20  1:42  Command Center  
  20  1:52  SCV  
  21  1:57  Supply Depot  
  21  1:59  Marine  
  22  2:04  SCV  
  22  2:07  Factory  
  23  2:18  Refinery  
  23  2:19  SCV  
  23  2:21  Barracks Reactor  
  24  2:31  SCV  
  24  2:32  Barracks  
  25  2:43  SCV  
  26  2:50  Factory Tech Lab  
  25  2:53  Orbital Command  
  25  2:55  SCV  
  25  2:57  Marine x2  
  28  3:07  SCV  
  28  3:09  Cyclone  
  32  3:15  Marine x2  
  32  3:19  SCV  
  35  3:20  Barracks Tech Lab  
  35  3:24  SCV  
  33  3:31  SCV  
  33  3:33  Marine x2  
  33  3:36  Orbital Command  
  33  3:39  SCV  
  33  3:40  Stimpack, Marine  
  34  3:43  SCV  
  34  3:47  Widow Mine  
  37  3:51  Marine x2  
  38  3:55  SCV  
  37  4:04  SCV  
  37  4:08  SCV  
  39  4:14  Marine x3  
  39  4:16  SCV  
  43  4:17  Supply Depot  
  43  4:20  SCV  
  44  4:28  SCV  
  44  4:30  Engineering Bay  
  45  4:32  SCV  
  45  4:37  Starport  
  46  4:38  Barracks  
  46  4:39  Marine  
  46  4:41  Factory Reactor, Marine  
  46  4:45  SCV  
  49  4:47  SCV  
  49  4:48  Marine  
  51  4:54  Supply Depot  
  51  4:57  SCV  
  51  4:59  SCV  
  53  5:01  Terran Infantry Weapons Level 1, Refinery  
  53  5:05  Supply Depot  
  53  5:09  SCV  
  53  5:13  Supply Depot  
  54  5:15  Marine x2, SCV  
  54  5:16  Marine  
  58  5:21  SCV  
  58  5:22  Medivac  
  58  5:27  Medivac  
  63  5:30  Combat Shield  
  63  5:34  Factory Reactor  
  63  5:35  SCV x2  
  65  5:37  Marine x2  
  65  5:38  Marine  
  65  5:39  Marine  
  69  5:44  Refinery  
  69  5:46  Supply Depot  
  69  5:47  SCV  
  69  5:48  SCV  
  71  5:55  Concussive Shells  
  70  6:02  Marauder x2, Marine x2  
  72  6:05  Medivac  
  72  6:07  SCV x2  
  72  6:10  Medivac  
  72  6:11  Supply Depot  
  78  6:14  Widow Mine  
  80  6:18  Widow Mine  
  80  6:20  SCV x2  
  80  6:24  Supply Depot  
  80  6:25  Marauder  
  83  6:34  Marauder  
  83  6:35  Marine x2  
  83  6:38  SCV x2  
  83  6:39  Supply Depot  
  86  6:42  Widow Mine  
  86  6:44  Widow Mine  
  86  6:46  Marauder  
  92  6:56  Command Center  
  92  6:58  Terran Infantry Armor Level 1  
  92  7:00  SCV  
  93  7:01  SCV  
  93  7:03  Marauder  
  93  7:05  Marine x2  
  100  7:08  Marauder  
  100  7:14  Medivac x2  
  104  7:16  Widow Mine  
  104  7:20  Widow Mine  
  108  7:27  Marauder  
  110  7:31  Supply Depot  
  110  7:32  Supply Depot  
  110  7:33  Marine x2  
  112  7:41  Barracks  
  112  7:42  Barracks, SCV x2  
  114  7:53  Marine x2, Marauder x2  
  114  7:55  Medivac  
  122  7:59  SCV x2  
  122  8:01  Widow Mine  
  122  8:03  Widow Mine  
  128  8:08  Orbital Command  
  127  8:13  SCV x2  
  127  8:18  Marauder x2  
  132  8:22  Marine x2  
  129  8:28  Widow Mine  
  129  8:29  Widow Mine  
  129  8:31  Barracks Tech Lab, Barracks Reactor  
  127  8:39  Marauder x2  
  127  8:40  Marine  
  121  8:41  Marine  
  121  8:42  Liberator  
  121  8:43  SCV x2  
  124  8:49  Liberator  
  124  8:50  Widow Mine x2  
  124  8:53  Marauder  
  128  8:56  SCV x3  
  128  8:58  Marine  
  128  9:00  Marauder x2  
  137  9:02  Marine  
  137  9:09  Marine x2  
  141  9:13  Widow Mine x2, Marine  
  141  9:17  Supply Depot  
  146  9:25  Marauder  
  146  9:29  Marine  
  146  9:30  Supply Depot  
  146  9:31  Supply Depot  
  149  9:34  Liberator x2  
  149  9:38  Marine x3, Marauder x2  
  156  9:40  Supply Depot  
  156  9:46  Marine  
  156  9:51  Marine  
  164  9:56  Marine x3  
  170  10:00  Marauder x2  
  170  10:04  Widow Mine  
  170  10:05  Widow Mine  
  170  10:06  Marauder  
  164  10:09  Marine  
  164  10:14  Marine  
  164  10:15  Marine x2  
  164  10:17  Liberator x2  
  169  10:21  Engineering Bay, Marauder x2  
  169  10:24  Armory  
  159  10:45  Marauder x3  
  159  10:48  Marine x4  
  168  10:50  Widow Mine x2  
  170  10:57  Ghost Academy  
  170  10:59  Supply Depot  
  167  11:06  Marine x4, Marauder  
  167  11:07  Marauder x2  
  174  11:16  Widow Mine  
  174  11:17  Widow Mine, Medivac x2  
  174  11:20  SCV  
  174  11:21  SCV x2  
  174  11:28  Ghost x2  
  174  11:29  Ghost  
  175  11:33  Marine x2  
  175  11:36  SCV x2  
  175  11:38  Widow Mine  
  175  11:39  SCV  
  165  11:58  Medivac x2  
  161  12:05  Marauder x2  
  160  12:09  Marine  
  160  12:10  Marine x4  
  160  12:12  Widow Mine x2  
  169  12:27  Marauder x2, Marine x3  
  169  12:28  Terran Infantry Armor Level 2, Marine x2, Terran Infantry Weapons Level 2  
  174  12:30  Command Center  
  173  12:43  Medivac  
  175  12:45  Marine x2  
  175  12:46  Marauder  
  175  12:48  Marauder  
  168  12:53  Marauder  
  168  12:54  Marine x2  
  144  12:59  Liberator  
  144  13:03  Marine x2  
  128  13:08  Marauder  
  128  13:09  Marine  
  128  13:10  Widow Mine x2  
  128  13:12  Marine x2  
  135  13:14  Liberator  
  135  13:15  Marauder  
  138  13:21  Marine x2, Refinery  
  138  13:23  Refinery  
  140  13:27  Marauder  
  140  13:29  Marauder, Marine x2  
  149  13:36  Marauder  
  149  13:38  Marine  
  149  13:39  Widow Mine x2, Marine  
  141  13:47  Marine x2, Liberator  
  141  13:49  Marauder  
  141  13:51  Marauder  
  139  13:56  Marine x2  
  139  13:58  Marauder  
  135  14:05  Marine x2  
  135  14:07  Planetary Fortress  
  138  14:10  Marauder  
  138  14:11  Marine  
  138  14:14  Marine x2  
  135  14:18  Marine  
  135  14:23  Marine x2  
  117  14:30  Marauder  
  120  14:31  Marauder  
  120  14:32  Marine  
  99  14:46  Marine x3  
Show
View Real Time Build Order
Export as new Build Order

Trap Protoss 

Build Orders: 1 Gate Expand, Oracle Opening, Blink Stalkers, Chargelot Immortal 

Get SALT Encoding   

  12  0:00  Probe  
  13  0:12  Probe  
  14  0:17  Pylon  
  14  0:24  Probe  
  15  0:32  Probe  
  15  0:36  Gateway  
  15  0:40  Probe  
  16  0:45  Assimilator  
  17  0:51  Probe  
  18  1:03  Probe  
  19  1:16  Probe  
  20  1:23  Nexus  
  20  1:32  Cybernetics Core  
  20  1:36  Probe  
  21  1:41  Assimilator  
  21  1:48  Probe  
  21  1:51  Pylon  
  22  2:00  Probe  
  22  2:01  Adept  
  23  2:13  Probe  
  23  2:15  Stargate  
  26  2:20  Adept  
  26  2:23  Warp Gate  
  26  2:25  Probe  
  29  2:31  Probe  
  31  2:37  Probe  
  31  2:39  Probe  
  32  2:49  Adept, Probe x2  
  35  2:52  Oracle  
  36  3:01  Probe x2  
  41  3:13  Pylon, Probe x2  
  43  3:27  Probe x2  
  45  3:39  Probe x2  
  42  3:45  Nexus  
  42  3:49  Twilight Council  
  42  3:51  Blink, Probe x2  
  44  4:03  Probe x2  
  44  4:05  Gateway  
  44  4:07  Gateway  
  44  4:09  Gateway  
  46  4:14  Pylon  
  46  4:15  Probe x2  
  48  4:22  Assimilator  
  48  4:25  Stalker  
  50  4:32  Forge, Probe  
  50  4:33  Probe  
  52  4:43  Robotics Facility  
  52  4:44  Probe  
  53  4:45  Probe  
  53  4:46  Protoss Ground Weapons Level 1  
  53  4:49  Assimilator  
  54  5:00  Stalker x2  
  54  5:01  Stalker  
  54  5:03  Stalker  
  62  5:17  Gateway  
  62  5:18  Gateway  
  62  5:24  Gateway  
  62  5:25  Gateway  
  62  5:27  Probe x2  
  62  5:28  Probe  
  65  5:34  Observer  
  66  5:40  Charge  
  66  5:41  Stalker x3  
  72  5:44  Stalker  
  72  5:48  Probe x3  
  77  6:06  Pylon  
  77  6:07  Pylon  
  77  6:08  Pylon  
  77  6:17  Protoss Ground Armor Level 1  
  77  6:21  Pylon  
  77  6:22  Pylon  
  77  6:24  Observer, Probe x3  
  81  6:26  Stalker x3  
  81  6:29  Pylon  
  84  6:36  Probe x3  
  84  6:38  Zealot, Sentry x2  
  84  6:39  Zealot  
  93  6:49  Immortal  
  93  6:51  Probe x2  
  93  6:52  Probe  
  100  7:00  Zealot  
  100  7:01  Zealot x2  
  106  7:05  Pylon, Probe x2  
  106  7:06  Probe  
  109  7:13  Zealot  
  109  7:14  Zealot x2  
  115  7:18  Zealot  
  115  7:20  Immortal  
  116  7:23  Probe x2  
  116  7:24  Probe  
  116  7:25  Pylon  
  116  7:27  Pylon  
  123  7:37  Photon Cannon, Templar Archives  
  123  7:45  Probe x2  
  123  7:46  Probe, Assimilator x2  
  123  7:48  Zealot x2  
  130  7:53  Protoss Ground Armor Level 2  
  130  7:55  Zealot x3  
  130  7:57  Psionic Storm  
  134  8:00  Zealot x2  
  134  8:01  Zealot  
  134  8:05  Pylon  
  140  8:06  Pylon  
  140  8:10  Immortal  
  137  8:29  Zealot x5  
  126  8:36  Stalker x4  
  126  8:43  Zealot  
  126  8:44  Probe x3  
  131  8:54  Forge  
  131  8:56  High Templar x3  
  131  9:02  Pylon, Probe x3  
  136  9:04  Pylon  
  136  9:06  High Templar x2  
  136  9:07  Zealot x2, Immortal  
  148  9:17  Protoss Ground Weapons Level 2  
  148  9:22  Robotics Bay  
  148  9:25  Photon Cannon  
  148  9:30  High Templar  
  150  9:41  Zealot x2  
  150  9:42  Zealot  
  150  9:43  Nexus  
  156  9:46  Immortal  
  155  10:00  Protoss Ground Armor Level 3  
  155  10:07  Zealot x5  
  155  10:09  Extended Thermal Lance  
  155  10:10  Pylon  
  155  10:11  Pylon  
  155  10:12  Pylon  
  165  10:18  Warp Prism  
  163  10:29  Nexus  
  153  10:42  Colossus  
  141  10:49  Zealot x6  
  157  10:58  High Templar x2  
  159  11:07  Pylon  
  155  11:18  Colossus  
  155  11:20  Stalker x6  
  156  11:41  Zealot x2  
  156  11:43  Zealot x4  
  156  11:44  Zealot x2  
  166  11:55  Protoss Ground Weapons Level 3  
  152  12:11  Warp Prism  
  152  12:17  High Templar x4, Zealot x4  
  166  12:23  Dark Shrine  
  166  12:24  Archon x2  
  132  12:39  Colossus  
  132  12:41  Stalker x4  
  94  13:06  Stalker x7  
  106  13:28  High Templar  
  106  13:29  High Templar  
  106  13:30  Zealot x3  
  108  13:44  Zealot x3  
  109  14:16  Nexus  
  101  14:25  High Templar x4  
  101  14:29  Archon x2  
  108  14:31  Stalker  
Tags
 
Add a new tag
Caveats
  • Supply blocks, unpowered buildings, or Contaminate may cause inaccurate times.
  • Supply counts are checked every 10 seconds.